 Dungeon Crawl Stone Soup version 0.19.4-9-g45fd643 (webtiles) character file.

2866 Kosschaser the Basher (level 9, -24/98 HPs)
             Began as an Ogre Berserker on Feb 18, 2017.
             Was a Believer of Trog.
             Annihilated by an orc knight
             ... wielding a +0 halberd
              (37 damage)
             ... in a bailey.
             The game lasted 00:22:50 (7677 turns).

Kosschaser the Basher (Ogre Berserker)              Turns: 7677, Time: 00:22:51

Health: -24/98     AC:  6    Str: 27    XL:     9   Next: 75%
Magic:  9/9        EV: 12    Int:  6    God:    Trog [**....]
Gold:   251        SH:  0    Dex: 11    Spells: 0 memorised, 8 levels left

rFire  . . .     SeeInvis .     x - +0 giant club
rCold  . . .     Gourm    +     n - +2 robe {Archmagi}
rNeg   . . .     Faith    .     (shield currently unavailable)
rPois  .         Spirit   .     (helmet restricted)
rElec  .         Reflect  .     q - +0 cloak
rCorr  .         Harm     .     (gloves unavailable)
MR     .....     Rnd*Rage +     (boots unavailable)
Stlth  +.........               b - amulet of the gourmand
                                (no ring)
                                (no ring)

@: no status effects
A: unfitting armour, agile 1, berserk 1, screaming 1, tough skin 1
a: Berserk, Trog's Hand, Burn Spellbooks, Renounce Religion


You were in a bailey.
You worshipped Trog.
Trog was pleased with you.
You were very full.

You visited 1 branch of the dungeon, and saw 7 of its levels.
You also visited: Bailey.

You collected 486 gold pieces.
You spent 235 gold pieces at shops.

Inventory:

Hand Weapons
 a - a +0 mace
 x - a +0 giant club (weapon)
Armour
 n - a +2 robe of the Archmagi (worn)
 q - a +0 cloak (worn)
 z - a +1 shield of protection
Jewellery
 b - an amulet of the gourmand (around neck)
Wands
 o - a wand of iceblast (5/15)
 w - a wand of confusion (7/48)
Scrolls
 g - a scroll of immolation
 i - a scroll of amnesia
 j - 4 scrolls of remove curse
 r - 4 scrolls of teleportation
 y - a scroll of identify
Potions
 e - 5 potions of curing
 f - a potion of invisibility {unknown}
 h - a potion of heal wounds
 k - 3 potions of cure mutation {unknown}
 p - 2 potions of might
 s - 3 potions of flight
 t - a potion of brilliance {unknown}
 u - a potion of lignification {unknown}
 A - a potion of magic {unknown}
Comestibles
 c - 2 bread rations
 d - 2 beef jerkies
 l - a royal jelly
 m - 2 meat rations
 v - 9 fruits


   Skills:
 + Level 9.2 Fighting
 + Level 12.9 Maces & Flails
 + Level 6.1 Dodging


You had 8 spell levels left.
You didn't know any spells.

Dungeon Overview and Level Annotations

Branches:
Dungeon (7/15)             Temple (0/1) D:5

Altars:
Cheibriados
Nemelex Xobeh
Ru
Uskayaw
Yredelemnul

Shops:
D:4 !   D:5 *


Innate Abilities, Weirdness & Mutations

You are too large for most types of armour.
You have tough skin. (AC +1)
You are agile. (Dex +2)
You tend to lose your temper in combat.
You occasionally shout uncontrollably at your foes.


Message History

Unknown command.
Put on which piece of jewellery? (? for menu, Esc to quit)
You feel a craving for the dungeon's cuisine.
b - an amulet of the gourmand (around neck) Wield which item (- for none, * to show all)? (? for menu, Esc to quit)
x - a +0 giant club (weapon)
The orc warrior shouts!
The orc knight shouts! x2
The orc knight roars a battlecry!
The orcs go into a battle-frenzy!
The orc knight roars a battlecry!
The orc knight goes into a battle-frenzy!
There is an open door here.
The orc warrior hits you from afar with a halberd!!!
The orc knight hits you from afar with a halberd!!
The orc warrior hits you from afar with a halberd!
* * * LOW HITPOINT WARNING * * *
The orc knight hits you from afar with a trident!
* * * LOW HITPOINT WARNING * * *
The orc knight hits you from afar with a halberd!!!
You die...

≈.#########)###'#############.≈.#
≈.## ##.)..§§§§.##.. ##.≈.# ≈..##
##..§≈≈§§§§..#'. ##..≈.# ≈≈).##
##..≈≈..§§§≈≈..## ##..≈≈.#
.≈≈..#'#..≈§..⌠⌠⌠..≈§..# #..≈≈.##
.≈≈..#'#..≈§.§.⌠...≈≈..# #..≈≈.∩#
≈≈..##.##..≈≈..ooo≈§..# ##..≈≈.#
≈..##...##..≈≈≈§≈≈≈..# ##..≈.#
≈.##.....'#.....@...##.$$$.##.≈.#
≈)#############'#############.≈.#
≈....))....##.....# #####..≈.#
≈≈≈≈≈≈≈≈≈≈..##.)[#######≈≈≈≈≈≈≈.#
.........≈≈).##.##.).##.........#
########..≈≈..###..≈).##.########
##..≈≈.....≈≈...##...####
##..≈≈≈≈≈≈≈..#######..∩##
##.........## ####∩#


You could see 2 orc knights and an orc warrior.

Vanquished Creatures
  The ghost of vatarom the Destroyer, a novice DrFE of Vehumet (D:7)
  Joseph (D:7)
  The ghost of Felix the Cudgeler, an amateur TrBe of Trog (D:5)
  Grinder (D:3)
  Menkaure (D:4)
  An orc warrior (Bailey)
  An ice beast (D:6)
  A phantom (D:6)
  A necrophage (D:6)
  3 ogres
  A centaur (D:5)
  A bullfrog (D:6)
  A scorpion (D:4)
  A howler monkey (D:6)
  A crimson imp (D:5)
  2 jellies
  An orc priest (D:5)
  A hound (D:5)
  2 orc wizards (D:5)
  Jessica (D:3)
  5 worker ants
  Terence (D:3)
  2 hound zombies
  A howler monkey zombie (D:7)
  6 adders
  2 shadow imps
  An ooze (D:4)
  An adder zombie (D:5)
  2 worms
  6 leopard geckos
  24 orcs
  5 giant cockroaches
  6 goblins
  8 hobgoblins
  4 jackals (D:6)
  4 quokkas
  A ball python (D:2)
  A bat (D:1)
  2 frilled lizards
  9 kobolds
  A quokka skeleton (D:5)
  4 rats
  A spectral orc (D:4)
121 creatures vanquished.

Notes
Turn   | Place    | Note
-------+----------+-------------------------------------------
     0 | D:1      | Kosschaser the Ogre Berserker began the quest for the Orb.
     0 | D:1      | Reached XP level 1. HP: 24/24 MP: 1/1
   408 | D:1      | Reached XP level 2. HP: 16/32 MP: 2/2
  1174 | D:2      | Reached XP level 3. HP: 40/40 MP: 3/3
  1290 | D:2      | Reached skill level 5 in Maces & Flails
  1703 | D:2      | Reached ** piety under Trog
  1901 | D:3      | Found a snail-covered altar of Cheibriados.
  1955 | D:3      | Noticed Grinder
  1974 | D:3      | Killed Grinder
  1974 | D:3      | Reached skill level 5 in Fighting
  1974 | D:3      | Reached skill level 6 in Maces & Flails
  1974 | D:3      | Reached XP level 4. HP: 21/50 MP: 4/4
  1974 | D:3      | Reached XP level 5. HP: 24/57 MP: 5/5
  2185 | D:3      | Noticed Jessica
  2205 | D:3      | Killed Jessica
  2205 | D:3      | Reached skill level 7 in Maces & Flails
  2205 | D:3      | Reached XP level 6. HP: 39/66 MP: 6/6
  2459 | D:3      | Noticed Terence
  2472 | D:3      | Killed Terence
  3160 | D:4      | Noticed Menkaure
  3208 | D:4      | Killed Menkaure
  3208 | D:4      | Reached skill level 8 in Maces & Flails
  3208 | D:4      | Reached XP level 7. HP: 42/74 MP: 7/7
  3963 | D:4      | Found Fafeng's Distillery.
  3971 | D:4      | Bought a potion of heal wounds for 65 gold pieces
  3971 | D:4      | Bought 2 potions of might for 104 gold pieces
  4062 | D:4      | Found a basalt altar of Yredelemnul.
  4124 | D:5      | Entered Level 5 of the Dungeon
  4130 | D:5      | Found Zynetiug's General Store.
  4161 | D:5      | Bought a scroll of teleportation for 36 gold pieces
  4161 | D:5      | Bought a potion of mutation for 30 gold pieces
  4161 | D:5      | Gained mutation: You occasionally shout uncontrollably at your foes. [potion of mutation]
  4161 | D:5      | Gained mutation: You are agile. (Dex +2) [potion of mutation]
  4161 | D:5      | Gained mutation: You tend to lose your temper in combat. [potion of mutation]
  4211 | D:5      | Found a sparkling altar of Nemelex Xobeh.
  4303 | D:5      | Noticed Felix's ghost (amateur TrBe)
  4313 | D:5      | Killed Felix's ghost
  4313 | D:5      | Reached skill level 9 in Maces & Flails
  4313 | D:5      | Reached XP level 8. HP: 84/84 MP: 8/8
  4315 | D:5      | Found a staircase to the Ecumenical Temple.
  4480 | D:5      | Found a hide-covered altar of Uskayaw.
  4495 | D:5      | Reached skill level 5 in Dodging
  4538 | D:5      | Reached skill level 10 in Maces & Flails
  5319 | D:6      | Found a sacrificial altar of Ru.
  5332 | D:6      | Reached skill level 11 in Maces & Flails
  5373 | D:6      | Reached XP level 9. HP: 21/96 MP: 9/9
  6111 | D:7      | Reached *** piety under Trog
  6146 | D:7      | Noticed vatarom's ghost (novice DrFE)
  6160 | D:7      | Killed vatarom's ghost
  6160 | D:7      | Reached skill level 12 in Maces & Flails
  6173 | D:7      | Noticed Joseph
  6183 | D:7      | Killed Joseph
  6374 | D:7      | Found a flagged portal.
  6385 | Bailey   | Entered a bailey
  6974 | Bailey   | Noticed an orc knight
  7134 | Bailey   | Noticed an orc knight
  7677 | Bailey   | Annihilated by an orc knight

Skill      XL: |  1  2  3  4  5  6  7  8  9 |
---------------+----------------------------+-----
Maces & Flails | 6 7 8 9 11 12 | 12.9
Dodging        | 3 4 5 6 |  6.1
Fighting       | 5 6 8 9 |  9.2

Action                   |  1- 3 |  4- 6 |  7- 9 || total
-------------------------+-------+-------+-------++-------
Melee: Mace              |   116 |   109 |   128 ||   353
       Giant club        |       |       |   150 ||   150
Invok: Trog's Hand       |     1 |     3 |     8 ||    12
       Berserk           |     1 |     1 |     2 ||     4
       Burn Spellbooks   |       |     1 |       ||     1
  Use: Scroll            |     1 |     3 |     6 ||    10
       Potion            |       |       |     1 ||     1
 Stab: Sleeping          |       |       |     1 ||     1
  Eat: Chunk             |     3 |    20 |    20 ||    43
Armor: Animal skin       |    27 |     2 |       ||    29
       Robe              |       |    27 |    74 ||   101
Dodge: Dodged            |    70 |    57 |   197 ||   324
